 Dungeon Crawl Stone Soup version 0.31.0-10-gcf4a605ca0 (webtiles) character file.

Game seed: 17678356806074108260

1148 Oko the Covert (level 8, 0/53 (57) HPs)
             Began as a Vampire Enchanter on Jan 25, 2024.
             Slain by a wight
             ... wielding a +2 great sword
              (13 damage)
             ... on level 6 of the Dungeon.
             The game lasted 00:09:30 (5133 turns).

Oko the Covert (Vampire Enchanter)                  Turns: 5133, Time: 00:09:31

HP:   0/53 (57)     AC:  3    Str:  7    XL:     8   Next: 15%
MP:   15/23         EV: 14    Int: 17    God:
Gold: 214           SH:  0    Dex: 17    Spells: 10/15 levels left

rFire   . . .        a - +1 dagger
rCold   + . .        (no shield)
rNeg    . . .        b - +0 robe
rPois   .            (no helmet)
rElec   .            l - +0 cloak
rCorr   .            (no gloves)
SInv    +            (no boots)
Will    .....        (no amulet)
Stlth   ++++         M - ring of magical power
HPRegen 0.48/turn    C - ring of protection from cold
MPRegen 0.18/turn

%: no passive effects
@: confusing by touch, healing quickly, drained
A: alive, fangs 3, see invisible, vampiric 2
a: Exsanguinate


You were on level 6 of the Dungeon.
You visited 1 branch of the dungeon, and saw 6 of its levels.

You collected 214 gold pieces.


Innate Abilities, Weirdness & Mutations

Your natural rate of healing is accelerated.
You have razor-sharp teeth.
You have supernaturally acute eyesight. (SInv)
You are afflicted with vampirism and can become a bat while bloodless.


   Skills:
 + Level 2.4 Fighting
 - Level 5.0 Short Blades
 + Level 3.9 Dodging
 - Level 8.0 Stealth
 - Level 4.0 Spellcasting
 - Level 8.0 Hexes


You had 10 spell levels left.
You knew the following spells:

 Your Spells              Type           Power      Damage    Failure   Level
c - Confusing Touch       Hex            30%        N/A       1%          3
e - Ensorcelled Hibernat  Hex/Ice        34%        N/A       4%          2

Your spell library contained the following spells:

 Spells                   Type           Power      Damage    Failure   Level
 Tukima's Dance           Hex            30%        N/A       1%          3
 Dazzling Flash           Conj/Hex       34%        N/A       9%          3
 Foxfire                  Conj/Fire      12%        2x1d4     16%         1
 Silence                  Hex/Air        8%         N/A       63%         5
 Passage of Golubria      Tloc           3%         N/A       83%         4
 Plasma Beam              Fire/Air       1%         2x1d11    100%        6
 Starburst                Conj/Fire      1%         6d3       100%        6
 Lehudib's Crystal Spear  Conj/Erth      1%         10d2      100%        8

Inventory:

Hand Weapons
 a - a +1 dagger (weapon)
Armour
 b - a +0 robe (worn)
 l - a +0 cloak (worn)
Magical Staves
 p - a staff of cold {!a}
 v - a staff of alchemy {!a}
Jewellery
 C - a ring of protection from cold (right hand)
 M - a ring of magical power (left hand)
Wands
 m - a wand of light (4)
Scrolls
 d - 5 scrolls of teleportation {unknown}
 g - 2 scrolls of fear {unknown}
 h - 4 scrolls of identify {unknown}
 o - 3 scrolls of revelation {unknown}
 r - a scroll of enchant weapon {unknown}
 u - a scroll of fog {unknown}
Potions
 c - a potion of invisibility
 e - 2 potions of ambrosia
 f - 2 potions of curing {unknown}
 i - 4 potions of lignification {unknown}
 j - 2 potions of might {unknown}
 k - a potion of cancellation {unknown}
 n - a potion of resistance {unknown}
 q - a potion of degeneration {unknown}
 s - 2 potions of enlightenment {unknown}
 t - a potion of brilliance {unknown}

Dungeon Overview and Level Annotations

Branches:
Dungeon (6/15)             Temple (0/1) D:4

Altars:
Cheibriados
Okawaru
Yredelemnul

Annotations:
D:3 Natasha

...... ####....# #.......#
........# ###############
..?....# #.......##....#
#...#.### #.......##....#
#..#...####.......##....# #.
###..zzzz@'...........>.#
#z..#.....#####.......##....#
#.).#### #.......##....#
#.....#....# ######.###....+
#...## ....# #.....##....##
#.. #...... #........#....
..# ...... #.....##.#.#.. .
[..... #......#.#.#.. .....
#......#.#.###


You could see 4 wights.


Message History

A wight comes into view. It is wielding a +2 great sword.
The wight moves out of view. x2
You hit the jelly.
Your hands burn!
The jelly is moderately wounded.
The jelly misses you.
The jelly looks drowsy...
The helpless jelly fails to defend itself.
You skewer the jelly like a kebab!!!
You kill the jelly!
The orc hits you with a +0 falchion.
The orc looks drowsy...
A wight comes into view. It is wielding a +4 hand axe.
The helpless orc fails to defend itself.
You perforate the orc like a sieve!!!
You kill the orc!
The wight attacks as it pursues you! The wight hits you with a +6 mace!
The wight attacks as it pursues you!
The wight hits you with a +2 great sword!
You feel drained.
* * * LOW HITPOINT WARNING * * *
The wight attacks as it pursues you!
The wight hits you with a +2 great sword!
* * * LOW HITPOINT WARNING * * *
You feel drained.
* * * LOW HITPOINT WARNING * * *
Casting: Ensorcelled Hibernation (safe; 4% risk of failure)
Confirm with . or Enter, or press ? or * to list all spells.
Your hands begin to glow red.
The wight hits you with a +2 great sword!
You die...

Skill      XL: |  1  2  3  4  5  6  7  8 |
---------------+-------------------------+-----
Stealth        | 5 6 7 8 |  8.0
Short Blades   | 2 3 4 5 |  5.0
Hexes          | 6 8 |  8.0
Spellcasting   | 3 4 |  4.0
Fighting       | 1 2 |  2.4
Dodging        | 3 |  3.9

Action                     |  1- 3 |  4- 6 |  7- 9 || total
---------------------------+-------+-------+-------++-------
  Melee: Dagger            |   134 |   102 |    41 ||   277
         Bite              |     7 |     4 |     4 ||    15
         Punch             |     1 |     1 |     1 ||     3
   Cast: Ensorcelled Hiber |    10 |    52 |    40 ||   102
         Confusing Touch   |       |       |     1 ||     1
  Evoke: Wand              |       |     2 |       ||     2
    Use: Potion            |       |     2 |       ||     2
   Stab: Sleeping          |    14 |    44 |    23 ||    81
         Distracted        |     1 |       |       ||     1
         Invisible         |       |     4 |       ||     4
 Armour: Robe              |    63 |    68 |    47 ||   178
  Dodge: Dodged            |    96 |    81 |    38 ||   215

Levels and vault maps discovered:
D:1:      minmay_arrival_diagonal_passages, layout_basic, nicolae_eternal_life
D:2:      layout_rooms, serial_undead, serial_undead_f, serial_undead_c,
          serial_undead_d, serial_undead_f
D:3:      corexii_shack_village, layout_basic, mainiacjoe_overflow_tiny_flanked,
          amcnicky_mini_rare_corridor_liquid, uniq_natasha, uniq_ijyb
D:4:      cheibrodos_pilgrimage, layout_basic, lemuel_crystal_altar,
          minmay_temple_entry_from_below_a, st_stairs_5, uniq_duvessa
D:5:      layout_basic, cheibriados_altar_1
D:6:      layout_basic, nicolae_titane

Notes
Turn   | Place    | Note
-------+----------+-------------------------------------------
     0 | D:1      | Oko the Vampire Enchanter began the quest for the Orb.
     0 | D:1      | Reached XP level 1. HP: 13/13 MP: 3/3
   382 | D:1      | Reached XP level 2. HP: 11/19 MP: 5/5
   412 | D:1      | Reached skill level 5 in Stealth
   496 | D:1      | Reached skill level 2 in Short Blades
   885 | D:1      | Learned a level 2 spell: Ensorcelled Hibernation
  1050 | D:2      | Gained mutation: You are afflicted with vampirism and can
                  | become a bat while bloodless. [Vampire growth]
  1050 | D:2      | Reached XP level 3. HP: 24/24 MP: 6/6
  1451 | D:3      | Found a basalt altar of Yredelemnul.
  1564 | D:3      | Reached skill level 6 in Stealth
  1643 | D:3      | Noticed Ijyb
  1649 | D:3      | Killed Ijyb
  1650 | D:3      | Reached skill level 3 in Short Blades
  1650 | D:3      | Reached XP level 4. HP: 30/30 MP: 7/7
  1757 | D:3      | HP: 1/30 [orc/+0 falchion (7)]
  1829 | D:3      | Noticed Natasha
  1855 | D:3      | Killed Natasha
  1902 | D:3      | Learned a level 3 spell: Confusing Touch
  2030 | D:3      | Reached skill level 7 in Stealth
  2030 | D:3      | Reached XP level 5. HP: 35/35 MP: 8/8
  2078 | D:3      | Reached skill level 4 in Short Blades
  2472 | D:3      | Noticed Natasha
  2867 | D:4      | Found an iron altar of Okawaru.
  2886 | D:4      | Reached skill level 8 in Stealth
  2886 | D:4      | Reached XP level 6. HP: 34/41 MP: 9/9
  2897 | D:4      | Noticed Duvessa
  2993 | D:4      | Reached skill level 5 in Short Blades
  3175 | D:4      | Reached skill level 5 in Hexes
  3441 | D:4      | Killed Duvessa
  3442 | D:4      | Reached skill level 3 in Spellcasting
  3499 | D:4      | Reached skill level 6 in Hexes
  3499 | D:4      | Reached XP level 7. HP: 46/46 MP: 12/12
  3541 | D:4      | Noticed Dowan
  3548 | D:4      | Killed Dowan
  3754 | D:4      | Reached skill level 7 in Hexes
  4125 | D:4      | Found a staircase to the Ecumenical Temple.
  4156 | D:5      | Entered Level 5 of the Dungeon
  4252 | D:5      | Reached skill level 4 in Spellcasting
  4273 | D:5      | Reached skill level 8 in Hexes
  4282 | D:5      | Found a snail-covered altar of Cheibriados.
  4293 | D:5      | Reached skill level 1 in Fighting
  4367 | D:5      | Reached skill level 3 in Dodging
  4775 | D:5      | Reached XP level 8. HP: 55/55 MP: 14/14
  5120 | D:6      | Reached skill level 2 in Fighting
  5133 | D:6      | Slain by a wight

Vanquished Creatures
  An acid dragon (D:6)
  A water moccasin (D:5)
  Duvessa (D:4)
  An ogre (D:4)
  A phantom (D:5)
  Dowan (D:4)
  2 jellies
  4 bombardier beetles
  2 orc priests (D:4)
  2 hounds
  Ijyb (D:3)
  2 iguanas (D:5)
  Natasha (D:3)
  3 orc wizards
  3 adders
  An adder zombie (D:2)
  A dart slug (D:3)
  A ribbon worm (D:2)
  25 orcs
  8 endoplasms
  5 giant cockroaches
  9 goblins
  7 hobgoblins
  2 quokkas
  14 ball pythons
  2 ball python zombies (D:2)
  6 bats
  4 frilled lizards
  12 kobolds
  A quokka skeleton (D:2)
  5 rats
129 creatures vanquished.

Table legend: (Time is in decaauts)
 A = Elapsed time spent in this place.
 B = Non-inter-level travel time spent in this place.
 C = Inter-level travel time spent in this place.
 D = Time resting spent in this place.
 E = Time spent auto-exploring this place.
 F = Levels seen in this place.
 G = Mean time per level.
                   A        B        C        D        E       F      G
               +--------+--------+--------+--------+--------+-----+--------+
         Total |   5103 |   4922 |    181 |    281 |   3721 |   6 |  850.5 |
       Dungeon |   5103 |   4922 |    181 |    281 |   3721 |   6 |  850.5 |
               +--------+--------+--------+--------+--------+-----+--------+

Top non-repeatable levels by time:
     D:4: 1395 daAuts
     D:3: 1299 daAuts
     D:1: 893 daAuts
     D:5: 871 daAuts
     D:2: 545 daAuts
     D:6: 98 daAuts

Table legend:
 A = Non-vault XP
 B = Vault XP
 C = Vault XP percentage of total XP
 D = Non-vault monster count
 E = Vault monster count
 F = Vault count percentage of total count
                 A         B        C        D         E       F
            +---------+---------+-------+---------+---------+-------
      Total |    1136 |     505 |  30.8 |     103 |      26 |  20.2
            +---------+---------+-------+---------+---------+-------
        D:1 |      27 |       0 |   0.0 |      18 |       0 |   0.0
        D:2 |      26 |       8 |  23.5 |      13 |       4 |  23.5
        D:3 |     162 |      89 |  35.5 |      30 |      12 |  28.6
        D:4 |     312 |     408 |  56.7 |      28 |      10 |  26.3
        D:5 |     409 |       0 |   0.0 |      11 |       0 |   0.0
        D:6 |     200 |       0 |   0.0 |       3 |       0 |   0.0
            +---------+---------+-------+---------+---------+-------
